 Dungeon Crawl Stone Soup version 0.24-a0-512-g2b48af375b (webtiles) character file.

Game seed: 3348084653130875235

6091 Gargoyl the Schismatic (level 10, 0/123 (124) HPs)
             Began as a Centaur Abyssal Knight on July 20, 2019.
             Was an Elder of Lugonu.
             Succumbed to a wight's poison
             ... on level 7 of the Dungeon.
             The game lasted 00:13:45 (9686 turns).

Gargoyl the Schismatic (Centaur Abyssal Knight)     Turns: 9686, Time: 00:13:46

HP:   0/123 (124)   AC: 30    Str: 13 (16) XL:     10   Next: 58%
MP:   15/15         EV:  1    Int:  9 (11) God:    Lugonu [****..]
Gold: 271           SH:  7    Dex:  8 (11) Spells: 9/9 levels left

rFire    . . .     SeeInvis .   h - +1 war axe
rCold    . . .     Gourm    .   i - +0 shield
rNeg     + + +     Faith    .   (armour currently unavailable)
rPois    +         Spirit   .   (helmet currently unavailable)
rElec    .         Reflect  .   (cloak currently unavailable)
rCorr    .         Harm     .   (gloves currently unavailable)
MR       +....     NoTele   +   (no barding)
Stlth    ++........             (no amulet)
HPRegen  0.30/turn              j - ring of stealth
MPRegen  0.14/turn              n - +5 ring of protection

@: lethally poisoned (0 -> -10), tree-form, berserk cooldown, slowed, lightly
drained, very slow
A: large, magic resistance 1, MP-powered wands
a: Depart the Abyss, Bend Space, Banish, Corrupt, Renounce Religion


You were on level 7 of the Dungeon.
You worshipped Lugonu.
Lugonu was greatly pleased with you.
You were hungry.
You were a tree.
You visited 2 branches of the dungeon, and saw 9 of its levels.
You visited the Abyss 1 time.
You also visited: Ossuary.

You collected 271 gold pieces.

Inventory:

Hand Weapons
 a - a +1 hand axe
 h - a +1 war axe (weapon)
Missiles
 s - 5 silver boomerangs (quivered)
Armour
 i - a +0 shield (worn)
 r - a +1 helmet (melded)
 v - a +1 plate armour (melded)
Jewellery
 j - a ring of stealth (left branch)
 n - a +5 ring of protection (right branch)
Wands
 e - a wand of polymorph (7)
 f - a wand of random effects (11)
 l - a wand of flame (21)
 p - a wand of paralysis (17)
Scrolls
 d - 4 scrolls of magic mapping
 k - 2 scrolls of identify
 m - 3 scrolls of teleportation
 q - a scroll of fear
 t - 5 scrolls of remove curse
 u - a scroll of fog
 w - 2 scrolls of blinking
 y - a scroll of silence {unknown}
 B - a scroll of enchant armour
Potions
 b - 6 potions of degeneration
 g - 2 potions of flight
 o - a potion of invisibility
 x - a potion of mutation
 z - a potion of lignification
 A - a potion of berserk rage
Comestibles
 c - 10 rations


   Skills:
 + Level 5.9(5.5) Fighting
 + Level 7.0(6.5) Axes
 + Level 3.0(2.6) Throwing
 * Level 5.4(4.9) Armour
 * Level 5.4(5.0) Dodging
 + Level 2.8(2.4) Shields
 * Level 6.5(6.0) Unarmed Combat
 * Level 7.4(7.0) Invocations
 + Level 2.4(2.0) Evocations


You had 9 spell levels left.
You didn't know any spells.
Your spell library contained the following spells:

 Spells                   Type           Power        Failure   Level  Hunger
 Infusion                 Chrm           #...         86%         1    ##.....
 Shroud of Golubria       Chrm/Tloc      #.....       94%         2    ###....
 Song of Slaying          Chrm           #.......     94%         2    ###....
 Regeneration             Chrm/Necr      #.........   99%         3    ####...
 Spectral Weapon          Hex/Chrm       #.......     99%         3    ####...


Dungeon Overview and Level Annotations

Branches:
Dungeon (8/15)             Temple (1/1) D:4
   Lair: D:8-11

Altars:
Ashenzari
Cheibriados
Dithmenos
Elyvilon
Gozag
Hepliaklqana
Kikubaaqudgha
Makhleb
Nemelex Xobeh
Okawaru
Qazlal
Sif Muna
Trog
Uskayaw
Vehumet
Wu Jian
Xom
Yredelemnul
Zin
The Shining One

Shops:
D:4 (


Innate Abilities, Weirdness & Mutations

((You have hooves in place of feet.))
((Armour fits poorly on your strangely shaped body.))
((You cover ground very quickly.))
((You have extremely tough skin. (AC +3)))
You are resistant to hostile enchantments. (MR+)
You expend magic power (3 MP) to strengthen your wands.


Message History

You feel sick.
* * * LOW HITPOINT WARNING * * *
You feel sick.
You can move again.
Unknown command.
It was a potion of degeneration.
There was something very wrong with that liquid.
You feel weakened.
You feel dopey.
You feel clumsy.
You are feeling hungry.
* * * LOW HITPOINT WARNING * * *
You feel very sick.
Really quaff the potion of lignification?
You turn into a tree.
Your +1 helmet melds into your body.
Your +1 plate armour melds into your body.
Your roots penetrate the ground.
* * * LOW HITPOINT WARNING * * *
You feel sick.
Unknown command.
There is a lethal amount of poison in your body!
You die...

.....# ####
.....#######..#
..............# .....#
###.###
#.#########.....# #.#
#......###.####### ..#
#.###### #.......##
..####.# ##.####..#
...##..# #####♣# ##.#
...##.## #.....#####.#
......######.###).).##.#
...##......# #...##.##.#
....>.####.#.#....#.##.#
....### ....(._......#
....# ###.#...)#.###
...## #.##...#.# ...#
##### # ...###.#


There were no monsters in sight!

Vanquished Creatures
  Pikel (D:5)
  Eustachio (D:6)
  2 sky beasts
  An ice beast (D:8)
  A necrophage (D:5)
  3 centaurs
  2 ogres (D:6)
  3 phantoms (D:5)
  A big kobold (D:8)
  4 bullfrogs
  2 scorpions
  3 wights (D:7)
  4 howler monkeys
  2 electric eels (D:6)
  2 centaur zombies
  3 crimson imps
  A quasit (Abyss:1)
  A jelly (D:3)
  5 orc priests
  2 bullfrog skeletons
  3 hounds
  A centaur skeleton (D:6)
  2 human zombies (Ossuary)
  6 orc wizards
  Crazy Yiuf (D:5)
  2 iguanas
  7 worker ants
  2 big kobold zombies (Ossuary)
  4 mummies (Ossuary)
  A worker ant zombie (D:8)
  3 gnolls (D:5)
  11 adders
  3 shadow imps
  An ooze (D:7)
  An adder skeleton (D:4)
  2 worms
  3 dart slugs
  4 leopard geckos
  16 orcs
  A ball python (D:5)
  7 bats (D:1)
  7 giant cockroaches
  A gnoll zombie (Ossuary)
  5 goblins
  3 hobgoblins
  7 quokkas
  2 frilled lizards (D:1)
  A hobgoblin zombie (Ossuary)
  12 kobolds
  2 kobold zombies (Ossuary)
  3 leopard gecko skeletons
  A quokka skeleton (D:6)
  A quokka zombie (D:6)
  15 rats
185 creatures vanquished.

Vanquished Creatures (others)
  A slave (D:5)
  4 electric eels (D:6)
  An orc wizard (D:5)
  2 orcs (D:5)
  4 jackals (D:5)
  A frilled lizard (D:5)
13 creatures vanquished.

Grand Total: 198 creatures vanquished

Notes
Turn   | Place    | Note
-------+----------+-------------------------------------------
     0 | Abyss:1  | Gargoyl the Centaur Abyssal Knight began the quest for the
                  | Orb.
     0 | Abyss:1  | Reached XP level 1. HP: 19/19 MP: 2/2
    39 | Abyss:1  | Noticed a quasit
    53 | Abyss:1  | Killed a quasit
    53 | Abyss:1  | Reached skill level 1 in Dodging
    53 | Abyss:1  | Reached XP level 2. HP: 15/27 MP: 3/3
    53 | Abyss:1  | Reached XP level 3. HP: 18/33 MP: 4/4
    92 | Abyss:1  | Noticed a ynoxinul
    93 | D:1      | Escaped the Abyss
   193 | D:1      | Reached * piety under Lugonu
   975 | D:2      | Reached XP level 4. HP: 26/40 MP: 5/5
  1230 | D:2      | Found a hazy altar of Hepliaklqana.
  1509 | D:2      | Found an ancient bone altar of Kikubaaqudgha.
  1772 | D:2      | Found a shattered altar of Ashenzari.
  1778 | D:2      | Found a shadowy altar of Dithmenos.
  2146 | D:3      | Reached skill level 1 in Unarmed Combat
  2146 | D:3      | Reached XP level 5. HP: 24/46 MP: 6/6
  2467 | D:3      | Reached ** piety under Lugonu
  2533 | D:3      | Found a sparkling altar of Nemelex Xobeh.
  3225 | D:4      | Found a staircase to the Ecumenical Temple.
  3551 | D:3      | Reached XP level 6. HP: 48/52 MP: 8/8
  3741 | D:4      | Found Odyuneto's Weapon Boutique.
  3786 | Temple   | Entered the Ecumenical Temple
  4484 | D:5      | Entered Level 5 of the Dungeon
  4486 | D:5      | Found a white marble altar of Elyvilon.
  4491 | D:5      | Noticed a slave
  4491 | D:5      | Noticed a slave
  4493 | D:5      | Noticed Pikel
  4495 | D:5      | Noticed a slave
  4514 | D:5      | Killed Pikel
  4514 | D:5      | Reached XP level 7. HP: 35/60 MP: 8/10
  4684 | D:5      | Paralysed by a gnoll for 5 turns
  4703 | D:5      | Reached XP level 8. HP: 33/67 MP: 11/11
  4871 | D:5      | Reached *** piety under Lugonu
  4967 | D:5      | Found a runed translucent door.
  4968 | D:5      | Noticed Crazy Yiuf
  5497 | D:5      | Reached skill level 1 in Shields
  5573 | D:5      | Reached skill level 5 in Axes
  5944 | D:5      | Gained mutation: Your muscles are strong. (Str +2) [potion
                  | of mutation]
  5944 | D:5      | Gained mutation: Your muscles are very strong. (Str +4)
                  | [potion of mutation]
  5944 | D:5      | Gained mutation: You expend magic power (3 MP) to
                  | strengthen your wands. [potion of mutation]
  5945 | D:5      | Killed Crazy Yiuf
  6826 | D:6      | Found an ornate altar of the Wu Jian Council.
  6881 | D:6      | Reached skill level 5 in Invocations
  6881 | D:6      | Reached XP level 9. HP: 45/72 MP: 12/12
  7157 | D:6      | Reached skill level 5 in Fighting
  7553 | D:6      | Reached skill level 5 in Armour
  7553 | D:6      | Reached skill level 5 in Dodging
  7553 | D:6      | Reached XP level 10. HP: 79/82 MP: 12/15
  8179 | D:6      | Noticed Eustachio
  8208 | D:6      | Killed Eustachio
  8654 | D:7      | Found a sand-covered staircase.
  8663 | Ossuary  | Entered an ossuary
  8978 | D:7      | Reached **** piety under Lugonu
  9623 | D:7      | Found a radiant altar of Vehumet.
  9626 | D:7      | Lost mutation: Your muscles are very strong. (Str +4)
                  | [potion of mutation]
  9626 | D:7      | Lost mutation: Your muscles are strong. (Str +2) [potion of
                  | mutation]
  9626 | D:7      | Lost mutation: You expend magic power (3 MP) to strengthen
                  | your wands. [potion of mutation]
  9626 | D:7      | Gained mutation: You are somewhat resistant to further
                  | mutation. [potion of mutation]
  9626 | D:7      | Gained mutation: You are partially covered in iridescent
                  | scales. (AC +2) [potion of mutation]
  9627 | D:7      | Lost mutation: You are partially covered in iridescent
                  | scales. (AC +2) [potion of mutation]
  9627 | D:7      | Lost mutation: You are somewhat resistant to further
                  | mutation. [potion of mutation]
  9627 | D:7      | Gained mutation: You expend magic power (3 MP) to
                  | strengthen your wands. [potion of mutation]
  9627 | D:7      | Gained mutation: You are resistant to hostile enchantments.
                  | (MR+) [potion of mutation]
  9684 | D:7      | HP: 2/82 [poisoned by a wight]
  9686 | D:7      | Succumbed to a wight's poison

Levels and vault maps discovered:
D:1:      eino_arrival_water_cross, layout_loops_ring
D:2:      layout_basic, lemuel_crystal_altar, kiku_gazebo_garden_becter,
          amethyst_overflow_temple_binary
D:3:      layout_loops_cross, nemelex_xobeh_ov_fountains_minmay
D:4:      layout_basic, minmay_temple_entry_purple_smoke, serial_shops,
          nicolae_shop_stone, kennysheep_generic_room_9
D:5:      wad_pebble_path, layout_rooms, overflow_temple_1_default,
          first_ration, minmay_stone_trees_large, uniq_crazy_yiuf_cottage,
          uniq_pikel
D:6:      cheibrodos_two_vegetables, layout_basic,
          nicolae_overflow_hidden_temple, uniq_eustachio
D:7:      layout_rooms, nicolae_overflow_crystal_walls,
          nicolae_ossuary_entry_monument, grunt_livestock
D:8:      layout_rooms
Temple:   nicolae_temple_no_exploring_needed

Skill      XL: |  1  2  3  4  5  6  7  8  9 10 |
---------------+-------------------------------+-----
Axes           | 2 4 5 6 7 |  7.0
Dodging        | 1 2 3 5 |  5.4
Armour         | 2 3 5 |  5.4
Unarmed Combat | 1 2 3 4 6 |  6.5
Fighting       | 4 5 |  5.9
Invocations    | 4 5 7 |  7.4
Shields        | 1 2 |  2.8
Throwing       | 3 |  3.0
Evocations     | 2 |  2.4

Action                   |  1- 3 |  4- 6 |  7- 9 | 10-12 || total
-------------------------+-------+-------+-------+-------++-------
Melee: Hand axe          |    79 |   229 |   257 |   119 ||   684
       Kick              |     9 |    55 |    58 |    64 ||   186
       War axe           |       |       |       |    89 ||    89
Invok: Depart the Abyss  |     1 |       |       |       ||     1
       Banish            |       |       |     2 |     2 ||     4
  Use: Scroll            |       |     9 |     3 |    11 ||    23
       Potion            |       |       |     3 |     6 ||     9
 Stab: Sleeping          |       |     4 |       |       ||     4
  Eat: Chunk             |       |     9 |     8 |     5 ||    22
       Ration            |       |       |     1 |       ||     1
Armor: Leather armour    |    49 |   110 |    64 |       ||   223
       Scale mail        |       |       |    78 |       ||    78
       Plate armour      |       |       |       |   153 ||   153
Dodge: Dodged            |    66 |   101 |   104 |    26 ||   297
Block: Buckler           |       |    19 |     5 |       ||    24
       Shield            |       |       |    69 |    99 ||   168

Table legend:
 A = Non-vault XP
 B = Vault XP
 C = Vault XP percentage of total XP
 D = Non-vault monster count
 E = Vault monster count
 F = Vault count percentage of total count
                 A         B        C        D         E       F
            +---------+---------+-------+---------+---------+-------
      Total |    4084 |    1356 |  24.9 |     166 |      23 |  12.2
            +---------+---------+-------+---------+---------+-------
        D:1 |      44 |       0 |   0.0 |      27 |       0 |   0.0
        D:2 |      51 |       0 |   0.0 |      12 |       0 |   0.0
        D:3 |     206 |       0 |   0.0 |      26 |       0 |   0.0
        D:4 |     292 |       0 |   0.0 |      15 |       0 |   0.0
        D:5 |    1064 |     700 |  39.7 |      26 |       2 |   7.1
        D:6 |     801 |     442 |  35.6 |      19 |       9 |  32.1
        D:7 |     935 |       0 |   0.0 |      23 |       0 |   0.0
        D:8 |     600 |       0 |   0.0 |      15 |       0 |   0.0
     Temple |      46 |       0 |   0.0 |       2 |       0 |   0.0
    Abyss:1 |      45 |       0 |   0.0 |       1 |       0 |   0.0
    Ossuary |       0 |     214 | 100.0 |       0 |      12 | 100.0
            +---------+---------+-------+---------+---------+-------
